 Dungeon Crawl Stone Soup version 0.19-a0-1513-gf6d23ed (webtiles) character file.

247 rlgrobin the Twirler (level 6, -2/78 HPs)
             Began as a Naga Gladiator on Sept 12, 2016.
             Was an Initiate of Gozag.
             Slain by an orc warrior
             ... wielding a +0 glaive
              (10 damage)
             ... on level 4 of the Dungeon.
             The game lasted 00:08:46 (3449 turns).

rlgrobin the Twirler (Naga Gladiator)               Turns: 3449, Time: 00:08:47

Health: -2/78      AC:  4    Str: 22    XL:     6   Next: 11%
Magic:  6/6        EV: 10    Int:  8    God:    Gozag
Gold:   539        SH:  0    Dex: 14    Spells: 0 memorised, 5 levels left

rFire  . . .     SeeInvis +     a - +1 quarterstaff
rCold  . . .     Gourm    .     b - +0 leather armour
rNeg   . . .     Faith    .     (shield currently unavailable)
rPois  +         Spirit   .     w - +0 hat
rElec  .         Dismiss  .     (no cloak)
rCorr  .         Reflect  .     t - +0 pair of gloves
MR     .....     Harm     .     (no barding)
Stlth  ..........               (no amulet)
                                E - ring of loudness (curse)
                                o - ring of flight

@: berserking (expiring), gold aura, quick
A: see invisible, deformed body, poison resistance, slowness 2, slow metabolism
1, spit poison 1, AC +2
a: Spit Poison, Potion Petition, Call Merchant, Bribe Branch, Renounce Religion,
Evoke Flight


You were on level 4 of the Dungeon.
You worshipped Gozag.
Gozag was pleased with you.
You were not hungry.

You visited 1 branch of the dungeon, and saw 4 of its levels.
You also visited: Sewer.

You collected 554 gold pieces.
You paid 15 gold pieces to Gozag.

Inventory:

Hand Weapons
 a - a +1 quarterstaff (weapon)
Missiles
 d - 3 throwing nets (quivered)
Armour
 b - a +0 leather armour (worn)
 c - a +0 helmet
 t - a +0 pair of gloves (worn)
 w - a +0 hat (worn)
 x - a cursed +0 shield
Jewellery
 o - a ring of flight (left hand)
 E - a cursed ring of loudness (right hand)
Scrolls
 g - 2 scrolls of random uselessness
 h - 2 scrolls of teleportation
 i - a scroll of fear
 l - 2 scrolls of magic mapping
 q - 5 scrolls of blinking
Potions
 e - a potion of brilliance
 j - a potion of lignification
 m - a potion of berserk rage
 n - a potion of agility
 r - 3 potions of flight
 s - a potion of invisibility
 u - a potion of degeneration {unknown}
 v - 3 potions of magic {unknown}
 z - 3 potions of haste {unknown}
 A - a potion of cancellation {unknown}
 B - a potion of curing {unknown}
Comestibles
 f - 2 bread rations
 k - a slice of pizza
 C - a meat ration


   Skills:
 - Level 2.0 Fighting
 - Level 6.0 Staves
 - Level 1.7 Throwing
 - Level 2.4 Dodging
 + Level 4.1 Stealth


You had 5 spell levels left.
You didn't know any spells.

Dungeon Overview and Level Annotations

Branches:
Dungeon (4/15)
 Temple: D:4-7

Altars:
Gozag
Nemelex Xobeh
Uskayaw


Innate Abilities, Weirdness & Mutations

You cannot wear boots.
Your serpentine skin is tough. (AC +2)
You have supernaturally acute eyesight. (SInv)
Armour fits poorly on your strangely shaped body.
Your system is resistant to poisons. (rPois)
You cover ground very slowly.
You have a slow metabolism.
You can spit poison.


Message History

The orc warrior is heavily wounded.
The orc warrior hits you with a glaive!!
* * * LOW HITPOINT WARNING * * *
You barely miss the orc warrior.
The orc warrior is heavily wounded.
You sock the orc warrior!
The orc warrior is almost dead.
The orc warrior hits you with a glaive!
* * * LOW HITPOINT WARNING * * *
The orc hits you with a club.
* * * LOW HITPOINT WARNING * * *
You barely miss the orc warrior.
The orc warrior is almost dead.
You closely miss the orc warrior.
The orc warrior is almost dead.
The orc hits you with a club.
* * * LOW HITPOINT WARNING * * *
The orc warrior hits you with a glaive!
You die...
Your body crumbles into a pile of gold.

,** #...........## ,,***
#............# ,,,,**
#............# ,,,,,****
#...........## **,,,,.,*
#.........### **,,,..##*
##.......##
**,,,,....##*#).......# ####
,,,,,,......##........# ##..##
,,,,,,.o....[$#o@.....###....# #
,,,,,,....>....o#............####
,,,,,,.....%>..o..............##.
,,,,,,##......................#..
,,,,,**##........<.............##
,,,*** ##.....................#
,,** ***#......................##
******,.........####............#
,**,,,.......########...........#


You could see an orc warrior and 2 orcs.

Vanquished Creatures
  A giant frog skeleton (D:4)
  2 worker ants (D:4)
  5 adders
  A river rat (D:3)
  4 oozes
  3 worms (Sewer)
  A dart slug (D:1)
  3 giant geckos (Sewer)
  4 orcs
  12 bats
  6 giant cockroaches
  8 goblins
  5 hobgoblins
  4 jackals (Sewer)
  3 quokkas
  5 ball pythons
  6 giant newts
  5 kobolds
  7 rats
85 creatures vanquished.

Notes
Turn   | Place    | Note
-------+----------+-------------------------------------------
     0 | D:1      | rlgrobin the Naga Gladiator began the quest for the Orb.
     0 | D:1      | Reached XP level 1. HP: 19/19 MP: 1/1
   214 | D:1      | Reached XP level 2. HP: 26/26 MP: 2/2
   539 | D:2      | Found an opulent altar of Gozag.
   545 | D:2      | Became a worshipper of Gozag Ym Sagoz the Greedy
   567 | D:2      | Reached skill level 4 in Staves
   809 | D:2      | Reached XP level 3. HP: 32/32 MP: 3/3
   922 | D:2      | Found a sparkling altar of Nemelex Xobeh.
  1246 | D:2      | Reached XP level 4. HP: 37/39 MP: 4/4
  1322 | D:3      | Found a hide-covered altar of Uskayaw.
  1493 | D:3      | Reached skill level 5 in Staves
  1518 | D:3      | Found a glowing drain.
  1523 | Sewer    | Entered a sewer
  2372 | Sewer    | Reached XP level 5. HP: 37/45 MP: 5/5
  2848 | D:4      | Reached skill level 6 in Staves
  3365 | D:4      | Noticed an orc warrior
  3422 | D:4      | Reached XP level 6. HP: 51/52 MP: 6/6
  3449 | D:4      | Slain by an orc warrior

Vault maps used:
D:1:      zelgadis_glass_arrival_small, minmay_fountain_box
D:2:      lemuel_round_altar, grunt_gozag_statues, grunt_ministairs_8
D:3:      eat_drink_and_be_merry_uskayaw, portal_sewer_entry_e, first_bread,
          kennysheep_generic_room_11
D:4:      hangedman_abyss_or_decor_stagger
Sewer:    sewer_fruit_machine

Skill      XL: |  1  2  3  4  5 |
---------------+----------------+-----
Staves         | 4 5 6 |  6.0
Stealth        | 4 |  4.1
Fighting       | |  2.0
Throwing       | |  1.7
Dodging        | |  2.4

Action                   |  1- 3 |  4- 6 || total
-------------------------+-------+-------++-------
Melee: Quarterstaff      |    80 |   188 ||   268
 Abil: Spit Poison       |     9 |    12 ||    21
  Use: Scroll            |     5 |     8 ||    13
       Potion            |       |     3 ||     3
 Stab: Sleeping          |     1 |       ||     1
  Eat: Fruit             |       |     3 ||     3
       Royal jelly       |       |     1 ||     1
       Bread ration      |       |     1 ||     1
Armor: Leather armour    |    35 |    76 ||   111
       Skin              |       |     8 ||     8
Dodge: Dodged            |    68 |   112 ||   180
